AoeStats
← RedPhosphoru

Black Forest

508305874Analyzed
2v2 RM · 10d ago on Sep 21, 2026· 51m 25s· 4 players
Game mode
Random Map
Map size
Medium (4 player)
Population
200
Speed
Normal
Resources
Standard
Victory
Conquest
Starting age
Dark Age
Ending age
Imperial Age
RankedLock teamsTeams togetherTeam positionsShared explorationLock speedFull tech treeHidden civsTurbo modeCheats
Victory
Defeat
🇺🇸 Sicilians · United States
1827
+5
🇪🇸 Aztecs · Spain
1501
+15
🇦🇷 Gurjaras · Argentina
1511
-10
🇦🇷 Poles · Argentina
1503
-10
cakinho9 (el chambas)
7:20 Loom
11:33 Feudal Age
15:19 Castle Age
19:41 Horse Collar
19:47 Double-Bit Axe
21:55 Wheelbarrow
23:25 Heavy Plow
23:34 Gold Mining
24:23 Stone Mining
25:07 Hand Cart
29:56 Imperial Age
27:33 Scale Barding Armor
27:38 Forging
27:30 Husbandry
28:26 Bloodlines
29:11 Chain Barding Armor
29:29 Stone Shaft Mining
30:23 Iron Casting
30:18 Cavalier
33:05 Blast Furnace
32:53 Lechitic Legacy
32:54 Conscription
32:41 Szlachta Privileges
32:40 Light Cavalry
34:28 Bow Saw
35:54 Fletching
36:16 Winged Hussar
37:55 Lechitic Legacy
39:01 Bodkin Arrow
GONZALO MONTIEL
1:26 Loom
2:42 Loom
13:00 Feudal Age
22:44 Castle Age
22:28 Double-Bit Axe
24:44 Bow Saw
25:55 Wheelbarrow
28:24 Scale Barding Armor
28:30 Forging
29:01 Forging
29:45 Chain Barding Armor
29:48 Fletching
30:52 Fortified Wall
31:49 Iron Casting
31:46 Ballistics
32:10 Bodkin Arrow
33:50 Gold Mining
33:50 Stone Mining
35:32 Gold Shaft Mining
36:54 Masonry
36:40 Murder Holes
37:21 Treadmill Crane
38:59 Hand Cart
42:21 Imperial Age
42:06 Scale Mail Armor
42:33 Kshatriyas
43:21 Chain Mail Armor
43:15 Elite Chakram Thrower
43:51 Horse Collar
45:06 Plate Mail Armor
45:11 Conscription
46:11 Chemistry
46:03 Bracer
47:43 Architecture
48:28 Padded Archer Armor
49:30 Hoardings
49:31 Leather Archer Armor
49:09 Guard Tower
RedPhosphoru
13:55 Loom
17:18 Feudal Age
17:29 Man-at-Arms
18:45 Double-Bit Axe
18:42 Horse Collar
22:05 Castle Age
21:06 Wheelbarrow
20:26 Gold Mining
20:31 Stone Mining
23:18 Bow Saw
23:08 Heavy Plow
25:02 Hand Cart
24:37 Town Watch
25:39 Stone Shaft Mining
24:55 Gold Mining
28:49 First Crusade
28:54 Squires
30:05 Scale Mail Armor
30:57 Fletching
31:50 Masonry
32:00 Ballistics
32:16 Chain Mail Armor
32:24 Bodkin Arrow
34:08 Forging
34:59 Arson
37:59 Imperial Age
36:38 Iron Casting
39:26 Plate Mail Armor
38:47 Elite Serjeant
41:56 Crop Rotation
44:47 Blast Furnace
45:17 Chemistry
44:23 Siege Engineers
44:14 Murder Holes
44:04 Arrowslits
46:16 Hoardings
46:03 Conscription
46:49 Town Patrol
47:13 Guilds
helgibry
0:52 Loom
12:48 Feudal Age
13:24 Double-Bit Axe
17:42 Castle Age
15:58 Horse Collar
17:03 Fletching
20:02 Bodkin Arrow
22:34 Wheelbarrow
21:39 Crossbowman
23:41 Padded Archer Armor
25:43 Hand Cart
29:14 Bow Saw
33:13 Imperial Age
31:34 Ballistics
33:12 Leather Archer Armor
33:19 Scale Mail Armor
33:26 Arbalester
35:02 Bracer
36:19 Conscription
38:23 Chain Mail Armor
39:12 Chemistry
38:48 Caravan
38:30 Pikeman
39:49 Squires
42:57 Onager
45:38 Plate Mail Armor
46:03 Siege Engineers
45:57 Murder Holes
48:45 Forging
49:06 Siege Onager
Connection lost

Rejoining the realm…

Still unreachable

The connection could not be restored.

Session expired

The server has moved on; the page needs a fresh start.